 Dungeon Crawl Stone Soup version 0.27.1-37-g7b29ead8ac (console) character file.

Game seed: 11410357024699631321

5 grimtooth the Sneak (level 1, 0/10 HPs)
             Began as a Kobold Enchanter on Nov 21, 2023.
             Slain by a kobold (3 damage)
             ... on level 1 of the Dungeon.
             The game lasted 00:01:32 (571 turns).

grimtooth the Sneak (Kobold Enchanter)               Turns: 571, Time: 00:01:33

Health: 0/10       AC:  3    Str:  5    XL:     1   Next: 88%
Magic:  2/3        EV: 15    Int: 16    God:
Gold:   19         SH:  0    Dex: 15    Spells: 3/4 levels left

rFire    . . .     SeeInvis .   a - +1 dagger
rCold    . . .     Faith    .   (shield restricted)
rNeg     . . .     Spirit   .   b - +0 robe
rPois    .         Reflect  .   c - +0 helmet
rElec    .         Harm     .   (no cloak)
rCorr    .         Rampage  .   (no gloves)
Will     .....                  (no boots)
Stlth    ++++......             (no amulet)
HPRegen  0.03/turn              (no ring)
MPRegen  0.08/turn              (no ring)

@: no status effects
A: small, no large weapons, nightstalker 3
a: no special abilities


You were on level 1 of the Dungeon.
You visited 1 branch of the dungeon, and saw 1 of its levels.

You collected 19 gold pieces.

Inventory:

Hand Weapons
 a - a +1 dagger (weapon)
Armour
 b - a +0 robe (worn)
 c - a +0 helmet (worn)


   Skills:
 + Level 1.7 Short Blades
 - Level 2.4 Dodging
 - Level 4.0 Stealth
 - Level 2.1 Spellcasting
 * Level 3.2 Hexes


You had 3 spell levels left.
You knew the following spells:

 Your Spells              Type           Power      Damage    Failure   Level
a - Corona                Hex            13%        N/A       5%          1

Your spell library contained the following spells:

 Spells                   Type           Power      Damage    Failure   Level
 Ensorcelled Hibernation  Hex/Ice        12%        N/A       16%         2
 Confusing Touch          Hex            12%        N/A       16%         3
 Tukima's Dance           Hex            12%        N/A       16%         3
 Dazzling Flash           Conj/Hex       12%        N/A       30%         3


Dungeon Overview and Level Annotations

Branches:
Dungeon (1/15)

Altars:


Innate Abilities, Weirdness & Mutations

You are small and have problems with some larger weapons.
You are completely attuned to the shadows.


Message History

You hit the hobgoblin.
The hobgoblin is severely wounded.
You hit the hobgoblin.
The hobgoblin is almost dead.
The hobgoblin barely misses you.
You hit the hobgoblin.
You kill the hobgoblin!
HP restored.
Found a stone staircase leading down.
A rat comes into view.
The helpless ball python fails to defend itself.
You impale the ball python!!
You kill the ball python!
You see here a ball python corpse.
Found a book of Minor Magic.
A kobold comes into view. It is wielding a +0 short sword.
The kobold shouts!
The kobold throws a stone.
The stone misses you.
The kobold throws a stone.
The stone barely misses you.
You start waiting.
A kobold is nearby!
Casting: Corona (safe; 5% risk of failure)
Confirm with . or Enter, or press ? or * to list all spells.
Aiming: Corona (safe; 5% risk of failure)
Press: ? - help, Shift-Dir - straight line, f - kobold
Aim: a kobold, wielding a +0 short sword and quivering stones (chance to affect: 66%)
The kobold is outlined in light.
You barely miss the kobold. The kobold hits you but does no damage.
You closely miss the kobold.
The kobold hits you with a +0 short sword.
You hit the kobold but do no damage. The kobold closely misses you.
You hit the kobold.
The kobold is moderately wounded.
The kobold hits you with a +0 short sword.
* * * LOW HITPOINT WARNING * * *
You closely miss the kobold.
The kobold is moderately wounded.
The kobold stops glowing.
The kobold hits you with a +0 short sword.
You die...

.......####.
..######...
..######.#############
.....................#
..###................#
.....................#
.....................#
.####...♣.♣♣.........#
.# .....♣..........#
.# #...............#
.# #..........@K...#
.# ####.########.###
.# #.# #.# .# #.# #.#
###.##### #K#
#.......# #.#
#.......# #.#
#..>....# #.#
.........####.######
.........#........>#
#.......#.........#


You could see a kobold.

Vanquished Creatures
  A giant cockroach (D:1)
  2 hobgoblins (D:1)
  A ball python (D:1)
  A frilled lizard (D:1)
5 creatures vanquished.

Notes
Turn   | Place    | Note
-------+----------+-------------------------------------------
     0 | D:1      | grimtooth the Kobold Enchanter began the quest for the Orb.
     0 | D:1      | Reached XP level 1. HP: 10/10 MP: 3/3
   571 | D:1      | Slain by a kobold

Illustrated notes

Levels and vault maps discovered:
D:1:      heliophobic_arrival_ceremonial_halls, layout_rooms, serial_shops,
          shop, chequers_garden

Action                   || total
-------------------------++-------
Melee: Dagger            ||    36
 Cast: Corona            ||     6
 Stab: Sleeping          ||     1
Armor: Robe              ||     7
Dodge: Dodged            ||    22
